[ AOE2 MATCH · #495761900 ]
UnrankedHuns vs Dravidians
Player's team · LOSS
[ REPLAY ANALYSIS · EXTRACTED FROM THE RECORDED GAME ]
Feudal
9:16
Castle
17:42
Imperial
34:20
| APM avg | 66.7 |
| APM peak | 101 |
| eAPM avg | 31.1 |
| Villagers / military | 302 / 732 |
Focus
⚔️ 49.9% · 🌾 50.1%
Scout Cavalry ×275 · Skirmisher ×234 · Cavalry Archer ×155 · Knight ×43 · Fishing Ship ×18 · Trebuchet (Packed) ×9
Feudal
9:38
Castle
19:30
Imperial
33:15
| APM avg | 66.6 |
| APM peak | 141 |
| eAPM avg | 48.4 |
| Villagers / military | 309 / 1331 |
Focus
⚔️ 66.9% · 🌾 33.1%
Spearman ×640 · Skirmisher ×368 · Militia ×223 · Elephant Archer ×43 · Fishing Ship ×29 · Bombard Cannon ×12
Match map
Initial resources + every placement click. Lines = walls · curves = elevation contours. ◆ gold · ⬟ stone · ● berries · ✦ relic · ◌ wall gap
Your base· Open — opponent sealed themselves in
LE | Dia franptom's base· ✓ Closed at 19:30 · 26t walls · no gate
Smoothed initial terrain · ◌ = detected wall gap · hover for details
Inputs per minute
— [CLB]PEGASO - - LE | Dia franptom
Build order — [CLB]PEGASO
First 150 of 1322 actions detected
| 0:01 | Queue | Villager (Male) |
| 0:01 | Queue | Villager (Male) |
| 0:04 | Queue | Villager (Male) |
| 0:08 | Queue | Villager (Male) |
| 1:22 | Queue | Villager (Male) |
| 1:22 | Queue | Villager (Male) |
| 1:52 | Queue | Villager (Male) |
| 1:52 | Queue | Villager (Male) |
| 1:53 | Queue | Villager (Male) |
| 1:54 | Build | Lumber Camp |
| 2:32 | Queue | Villager (Male) |
| 2:32 | Queue | Villager (Male) |
| 2:36 | Queue | Villager (Male) |
| 2:37 | Queue | Villager (Male) |
| 3:29 | Queue | Villager (Male) |
| 3:29 | Queue | Villager (Male) |
| 3:29 | Queue | Villager (Male) |
| 3:51 | Queue | Villager (Male) |
| 3:51 | Queue | Villager (Male) |
| 4:19 | Queue | Villager (Male) |
| 4:31 | Build | Dock |
| 4:36 | Build | Palisade Wall |
| 4:37 | Build | Palisade Wall |
| 4:42 | Queue | Villager (Male) |
| 4:42 | Queue | Villager (Male) |
| 5:20 | Queue | Fishing Ship |
| 5:20 | Queue | Fishing Ship |
| 5:25 | Build | Palisade Wall |
| 5:26 | Build | Palisade Wall |
| 5:35 | Queue | Villager (Male) |
| 6:09 | Queue | Fishing Ship |
| 6:26 | Research | Loom |
| 6:58 | Queue | Fishing Ship |
| 7:03 | Research | Feudal Age |
| 7:29 | Build | Lumber Camp |
| 8:25 | Queue | Fishing Ship |
| 8:29 | Build | Mining Camp |
| 9:03 | Build | Dock |
| 9:06 | Build | Palisade Wall |
| 9:07 | Build | Palisade Wall |
| 9:15 | Queue | Fishing Ship |
| 9:16 | Age | Feudal Age |
| 9:18 | Queue | Villager (Male) |
| 9:22 | Queue | Galley |
| 9:36 | Queue | Villager (Male) |
| 9:42 | Build | Palisade Wall |
| 9:44 | Build | Palisade Wall |
| 9:45 | Build | Palisade Wall |
| 9:54 | Queue | Galley |
| 10:04 | Queue | Villager (Male) |
| 10:21 | Queue | Fishing Ship |
| 10:38 | Build | Palisade Wall |
| 10:46 | Queue | Villager (Male) |
| 10:50 | Queue | Fishing Ship |
| 11:03 | Queue | Villager (Male) |
| 11:05 | Build | Barracks |
| 11:10 | Research | Double-Bit Axe |
| 11:32 | Queue | Villager (Male) |
| 11:50 | Build | Archery Range |
| 12:05 | Queue | Spearman |
| 12:11 | Queue | Villager (Male) |
| 12:12 | Queue | Villager (Male) |
| 12:32 | Queue | Villager (Male) |
| 12:34 | Queue | Fishing Ship |
| 12:36 | Queue | Fishing Ship |
| 12:43 | Queue | Skirmisher |
| 12:55 | Queue | Skirmisher |
| 12:58 | Queue | Villager (Male) |
| 13:01 | Build | Palisade Wall |
| 13:11 | Build | Palisade Wall |
| 13:12 | Build | Palisade Wall |
| 13:13 | Build | Palisade Wall |
| 13:15 | Build | Palisade Wall |
| 13:17 | Build | Palisade Wall |
| 13:19 | Queue | Villager (Male) |
| 13:25 | Build | Mill |
| 13:30 | Queue | Skirmisher |
| 13:37 | Build | Blacksmith |
| 13:51 | Queue | Fishing Ship |
| 14:19 | Queue | Villager (Male) |
| 14:21 | Research | Fletching |
| 14:25 | Queue | Fishing Ship |
| 15:02 | Research | Castle Age |
| 15:03 | Research | Castle Age |
| 15:13 | Build | Archery Range |
| 15:17 | Build | Archery Range |
| 15:29 | Queue | Fishing Ship |
| 15:31 | Queue | Fishing Ship |
| 15:53 | Queue | Fishing Ship |
| 16:02 | Research | Padded Archer Armor |
| 16:37 | Build | Palisade Wall |
| 17:27 | Build | Stable |
| 17:41 | Queue | Skirmisher |
| 17:42 | Age | Castle Age |
| 17:48 | Research | Bodkin Arrow |
| 17:51 | Queue | Cavalry Archer |
| 17:51 | Queue | Cavalry Archer |
| 17:51 | Queue | Cavalry Archer |
| 17:58 | Build | Town Center |
| 18:18 | Queue | Cavalry Archer |
| 18:18 | Queue | Cavalry Archer |
| 18:34 | Queue | Cavalry Archer |
| 18:35 | Queue | Cavalry Archer |
| 18:37 | Queue | Villager (Male) |
| 18:41 | Research | Bow Saw |
| 18:41 | Research | Bow Saw |
| 18:44 | Research | Tech 906 |
| 18:46 | Queue | Villager (Male) |
| 18:52 | Queue | Villager (Male) |
| 18:56 | Build | University |
| 19:02 | Queue | Villager (Male) |
| 19:15 | Queue | Fishing Ship |
| 19:15 | Queue | Fishing Ship |
| 19:40 | Queue | Villager (Male) |
| 19:42 | Build | Siege Workshop |
| 20:15 | Queue | Villager (Male) |
| 20:20 | Research | Elite Skirmisher (upgrade) |
| 20:41 | Queue | Villager (Male) |
| 20:43 | Queue | Mangonel |
| 20:47 | Queue | Skirmisher |
| 20:58 | Queue | Skirmisher |
| 21:09 | Queue | Villager (Male) |
| 21:12 | Queue | Villager (Male) |
| 21:40 | Queue | Villager (Male) |
| 21:46 | Queue | Villager (Male) |
| 21:53 | Research | Ballistics |
| 21:54 | Research | Ballistics |
| 21:56 | Build | Lumber Camp |
| 22:04 | Queue | Skirmisher |
| 22:04 | Queue | Skirmisher |
| 22:04 | Queue | Skirmisher |
| 22:06 | Research | Leather Archer Armor |
| 22:15 | Queue | Villager (Male) |
| 22:16 | Queue | Villager (Male) |
| 22:18 | Research | Gillnets |
| 22:21 | Queue | Villager (Male) |
| 22:23 | Queue | Fishing Ship |
| 22:27 | Queue | Villager (Male) |
| 22:28 | Queue | Villager (Male) |
| 23:04 | Queue | Villager (Male) |
| 23:11 | Queue | Skirmisher |
| 23:11 | Queue | Skirmisher |
| 23:30 | Queue | Villager (Male) |
| 23:30 | Queue | Villager (Male) |
| 23:34 | Queue | Skirmisher |
| 23:34 | Queue | Skirmisher |
| 23:35 | Queue | Mangonel |
| 23:40 | Queue | Villager (Male) |
| 23:41 | Queue | Villager (Male) |
| 23:57 | Queue | Villager (Male) |
Build order — LE | Dia franptom
First 150 of 2007 actions detected
| 0:01 | Queue | Villager (Male) |
| 0:01 | Queue | Villager (Male) |
| 0:04 | Build | House |
| 0:22 | Queue | Villager (Male) |
| 0:24 | Queue | Villager (Male) |
| 1:21 | Build | House |
| 1:24 | Queue | Villager (Male) |
| 1:25 | Queue | Villager (Male) |
| 1:38 | Queue | Villager (Male) |
| 1:38 | Queue | Villager (Male) |
| 2:05 | Queue | Villager (Male) |
| 2:06 | Queue | Villager (Male) |
| 2:32 | Queue | Villager (Male) |
| 2:32 | Queue | Villager (Male) |
| 2:45 | Build | House |
| 2:55 | Queue | Villager (Male) |
| 2:55 | Queue | Villager (Male) |
| 3:03 | Build | Lumber Camp |
| 3:16 | Queue | Villager (Male) |
| 3:16 | Queue | Villager (Male) |
| 3:51 | Queue | Villager (Male) |
| 4:31 | Queue | Villager (Male) |
| 4:31 | Queue | Villager (Male) |
| 4:55 | Queue | Villager (Male) |
| 4:55 | Queue | Villager (Male) |
| 5:09 | Build | Dock |
| 5:38 | Queue | Villager (Male) |
| 5:39 | Queue | Villager (Male) |
| 5:39 | Queue | Villager (Male) |
| 5:43 | Build | Palisade Wall |
| 5:44 | Build | Palisade Wall |
| 6:00 | Queue | Villager (Male) |
| 6:00 | Research | Loom |
| 6:03 | Queue | Fishing Ship |
| 6:53 | Build | Palisade Wall |
| 6:54 | Queue | Fishing Ship |
| 7:28 | Research | Feudal Age |
| 7:28 | Research | Feudal Age |
| 8:40 | Build | Barracks |
| 8:58 | Queue | Villager (Male) |
| 9:00 | Build | House |
| 9:18 | Queue | Villager (Male) |
| 9:27 | Queue | Fishing Ship |
| 9:38 | Age | Feudal Age |
| 9:47 | Queue | Villager (Male) |
| 9:48 | Build | Mining Camp |
| 9:50 | Research | Double-Bit Axe |
| 10:03 | Queue | Fishing Ship |
| 10:17 | Queue | Villager (Male) |
| 10:23 | Build | Archery Range |
| 10:46 | Build | Palisade Wall |
| 10:49 | Build | Palisade Wall |
| 11:00 | Queue | Villager (Male) |
| 11:07 | Queue | Villager (Male) |
| 11:11 | Queue | Skirmisher |
| 11:13 | Queue | Archer |
| 11:36 | Build | House |
| 11:47 | Queue | Spearman |
| 11:48 | Queue | Archer |
| 12:02 | Queue | Archer |
| 12:03 | Queue | Villager (Male) |
| 12:15 | Build | Blacksmith |
| 12:27 | Queue | Villager (Male) |
| 12:32 | Build | House |
| 12:33 | Build | Palisade Wall |
| 12:55 | Queue | Villager (Male) |
| 12:59 | Build | House |
| 13:00 | Build | House |
| 13:05 | Build | Mill |
| 13:12 | Build | House |
| 13:18 | Queue | Villager (Male) |
| 13:19 | Research | Fletching |
| 13:19 | Research | Fletching |
| 13:21 | Queue | Archer |
| 13:39 | Queue | Villager (Male) |
| 13:39 | Queue | Villager (Male) |
| 13:40 | Queue | Archer |
| 13:41 | Queue | Archer |
| 13:47 | Queue | Fishing Ship |
| 14:00 | Queue | Villager (Male) |
| 14:20 | Queue | Villager (Male) |
| 14:20 | Queue | Villager (Male) |
| 14:22 | Build | Palisade Wall |
| 14:44 | Queue | Skirmisher |
| 14:58 | Queue | Fishing Ship |
| 14:59 | Queue | Fishing Ship |
| 15:03 | Build | Dock |
| 15:23 | Queue | Villager (Male) |
| 15:28 | Build | Market |
| 15:48 | Queue | Fishing Ship |
| 16:21 | Queue | Villager (Male) |
| 16:50 | Research | Castle Age |
| 16:51 | Research | Castle Age |
| 16:56 | Queue | Skirmisher |
| 17:15 | Build | Archery Range |
| 17:29 | Queue | Skirmisher |
| 17:31 | Queue | Skirmisher |
| 17:42 | Build | House |
| 17:42 | Build | House |
| 17:56 | Queue | Fishing Ship |
| 17:56 | Queue | Fishing Ship |
| 18:01 | Queue | Skirmisher |
| 18:02 | Queue | Skirmisher |
| 18:03 | Research | Padded Archer Armor |
| 18:34 | Queue | Skirmisher |
| 18:34 | Queue | Skirmisher |
| 18:35 | Queue | Skirmisher |
| 18:35 | Queue | Skirmisher |
| 18:55 | Queue | Skirmisher |
| 18:55 | Queue | Skirmisher |
| 18:55 | Queue | Skirmisher |
| 19:08 | Build | House |
| 19:09 | Build | House |
| 19:12 | Build | House |
| 19:30 | Age | Castle Age |
| 19:33 | Research | Elite Skirmisher (upgrade) |
| 19:34 | Queue | Elephant Archer |
| 19:34 | Queue | Elephant Archer |
| 19:35 | Research | Bodkin Arrow |
| 19:36 | Research | Leather Archer Armor |
| 19:37 | Queue | Villager (Male) |
| 19:59 | Build | House |
| 20:06 | Queue | Elephant Archer |
| 20:06 | Queue | Elephant Archer |
| 20:06 | Queue | Elephant Archer |
| 20:16 | Build | Town Center |
| 20:27 | Queue | Villager (Male) |
| 20:27 | Queue | Villager (Male) |
| 20:40 | Queue | Skirmisher |
| 20:40 | Queue | Skirmisher |
| 20:42 | Queue | Villager (Male) |
| 20:45 | Research | Bow Saw |
| 20:45 | Research | Bow Saw |
| 21:00 | Queue | Villager (Male) |
| 21:07 | Queue | Villager (Male) |
| 21:50 | Build | Town Center |
| 21:52 | Queue | Villager (Male) |
| 21:53 | Queue | Villager (Male) |
| 22:01 | Queue | Elephant Archer |
| 22:01 | Queue | Elephant Archer |
| 22:08 | Build | Lumber Camp |
| 22:54 | Queue | Villager (Male) |
| 22:54 | Queue | Villager (Male) |
| 23:04 | Queue | Villager (Male) |
| 23:07 | Queue | Villager (Male) |
| 23:07 | Queue | Villager (Male) |
| 23:07 | Queue | Villager (Male) |
| 23:12 | Build | Siege Workshop |
| 23:26 | Queue | Fishing Ship |
| 23:26 | Queue | Fishing Ship |
Match timeline
| 4:31 | [CLB]PEGASO · first_building Dock |
| 4:36 | [CLB]PEGASO · wall_segment Palisade Wall x1 |
| 4:37 | [CLB]PEGASO · wall_segment Palisade Wall x1 |
| 5:09 | LE | Dia franptom · first_building Dock |
| 5:25 | [CLB]PEGASO · wall_segment Palisade Wall x1 |
| 5:26 | [CLB]PEGASO · wall_segment Palisade Wall x1 |
| 5:43 | LE | Dia franptom · wall_segment Palisade Wall x1 |
| 5:44 | LE | Dia franptom · wall_segment Palisade Wall x1 |
| 6:53 | LE | Dia franptom · wall_segment Palisade Wall x1 |
| 8:40 | LE | Dia franptom · first_building Barracks |
| 9:06 | [CLB]PEGASO · wall_segment Palisade Wall x1 |
| 9:07 | [CLB]PEGASO · wall_segment Palisade Wall x1 |
| 9:16 | [CLB]PEGASO · age_up feudal |
| 9:38 | LE | Dia franptom · age_up feudal |
| 9:42 | [CLB]PEGASO · wall_segment Palisade Wall x1 |
| 9:44 | [CLB]PEGASO · wall_segment Palisade Wall x1 |
| 9:45 | [CLB]PEGASO · wall_segment Palisade Wall x1 |
| 10:23 | LE | Dia franptom · first_building Archery Range |
| 10:38 | [CLB]PEGASO · wall_segment Palisade Wall x8 |
| 10:46 | LE | Dia franptom · wall_segment Palisade Wall x16 |
| 10:49 | LE | Dia franptom · wall_segment Palisade Wall x1 |
| 11:05 | [CLB]PEGASO · first_building Barracks |
| 11:50 | [CLB]PEGASO · first_building Archery Range |
| 12:33 | LE | Dia franptom · wall_segment Palisade Wall x6 |
| 13:01 | [CLB]PEGASO · wall_segment Palisade Wall x3 |
| 13:11 | [CLB]PEGASO · wall_segment Palisade Wall x1 |
| 13:12 | [CLB]PEGASO · wall_segment Palisade Wall x1 |
| 13:13 | [CLB]PEGASO · wall_segment Palisade Wall x1 |
| 13:15 | [CLB]PEGASO · wall_segment Palisade Wall x1 |
| 13:17 | [CLB]PEGASO · wall_segment Palisade Wall x1 |
| 14:22 | LE | Dia franptom · wall_segment Palisade Wall x1 |
| 16:37 | [CLB]PEGASO · wall_segment Palisade Wall x1 |
| 17:27 | [CLB]PEGASO · first_building Stable |
| 17:42 | [CLB]PEGASO · age_up castle |
| 19:30 | LE | Dia franptom · age_up castle |
| 19:42 | [CLB]PEGASO · first_building Siege Workshop |
| 23:12 | LE | Dia franptom · first_building Siege Workshop |
| 24:09 | LE | Dia franptom · first_market_buy 100 stone |
| 24:12 | [CLB]PEGASO · wall_segment Palisade Wall x1 |
| 28:29 | LE | Dia franptom · first_building Castle |
| 29:12 | [CLB]PEGASO · first_building Castle |
| 31:06 | [CLB]PEGASO · first_market_sell 100 wood |
| 33:15 | LE | Dia franptom · age_up imperial |
| 34:20 | [CLB]PEGASO · age_up imperial |
| 34:56 | LE | Dia franptom · first_market_sell 100 wood |
| 49:25 | LE | Dia franptom · first_building Monastery |
| 49:42 | [CLB]PEGASO · first_market_buy 100 food |
| 60:36 | [CLB]PEGASO · first_building Monastery |
| 67:38 | [CLB]PEGASO · wall_segment Palisade Wall x1 |
| 71:51 | LE | Dia franptom · wall_segment Palisade Wall x3 |
| 71:52 | LE | Dia franptom · wall_segment Palisade Wall x3 |
| 71:53 | LE | Dia franptom · wall_segment Palisade Wall x3 |
| 71:54 | LE | Dia franptom · wall_segment Palisade Wall x3 |
| 71:55 | LE | Dia franptom · wall_segment Palisade Wall x1 |
| 71:56 | LE | Dia franptom · wall_segment Palisade Wall x1 |
| 71:58 | LE | Dia franptom · wall_segment Palisade Wall x1 |
| 92:56 | [CLB]PEGASO · resign |
[ AI ANALYSIS · 1 CREDIT ]
What really happened in this match?
Wolo.gg analyzes every decision: build order, eco, micro, common mistakes by bracket. Personalized analysis on WhatsApp or Discord in 30 seconds.
Civ guide
Huns
Perfil
Jugador #19029303